 Dungeon Crawl Stone Soup version 0.21-a0-85-ga0cb861 (webtiles) character file.

336 grindst0ne the Covered (level 6, -3/73 HPs)
             Began as a Formicid Fighter on June 25, 2017.
             Slain by Pikel
             ... wielding a +0 whip of electrocution
              (18 damage)
             ... on level 4 of the Dungeon.
             The game lasted 00:04:40 (3458 turns).

grindst0ne the Covered (Formicid Fighter)           Turns: 3458, Time: 00:04:40

Health: -3/73      AC: 23    Str: 25    XL:     6   Next: 84%
Magic:  6/6        EV:  2    Int:  8    God:
Gold:   182        SH: 10    Dex: 14    Spells: 5/5 levels left

rFire    . . .     SeeInvis .   a - +0 long sword
rCold    . . .     Gourm    .   c - +0 shield
rNeg     + + +     Faith    .   (armour currently unavailable)
rPois    +         Spirit   .   (helmet unavailable)
rElec    .         Reflect  .   (cloak currently unavailable)
rCorr    .         Harm     .   (gloves currently unavailable)
MR       .....                  (boots currently unavailable)
Stlth    +.........             (no amulet)
HPRegen  0.22/turn              s - +2 ring of dexterity
MPRegen  0.10/turn              B - +3 ring of evasion

@: mighty, tree-form
A: permanent stasis, dig shafts and tunnels, four strong arms
a: no special abilities


You were on level 4 of the Dungeon.
You were near starving.
You were a tree.
You visited 1 branch of the dungeon, and saw 4 of its levels.

You collected 182 gold pieces.

Inventory:

Hand Weapons
 a - a +0 long sword (weapon)
Armour
 b - a +0 scale mail
 c - a +0 shield (worn)
 t - a +0 cloak (melded)
 z - a +0 plate armour (melded)
Jewellery
 s - a +2 ring of dexterity (left branch)
 w - an uncursed ring of see invisible {unknown}
 x - an uncursed ring of flight
 A - an uncursed ring of resist corrosion
 B - a +3 ring of evasion (right branch)
Scrolls
 g - a scroll of magic mapping {unknown}
 h - a scroll of identify {unknown}
 l - a scroll of blinking {unknown}
 m - 3 scrolls of remove curse {unknown}
 n - 2 scrolls of fog {unknown}
 p - 2 scrolls of amnesia {unknown}
 q - a scroll of immolation {unknown}
 y - a scroll of noise {unknown}
Potions
 j - 2 potions of lignification
 k - 2 potions of agility {unknown}
 r - a potion of flight {unknown}
 u - 2 potions of cancellation {unknown}
 v - a potion of degeneration {unknown}
Comestibles
 f - 4 bread rations
 i - 4 fruits
 o - 3 royal jellies


   Skills:
 + Level 4.7 Fighting
 + Level 3.5 Long Blades
 + Level 5.2 Armour
 + Level 5.0 Shields


You had 5 spell levels left.
You didn't know any spells.

Dungeon Overview and Level Annotations

Branches:
Dungeon (4/15)
 Temple: D:4-7

Altars:
Nemelex Xobeh

Annotations:
D:4 Pikel


Innate Abilities, Weirdness & Mutations

You cannot be hasted, slowed, berserked, paralysed or teleported.
You can dig through walls and to a lower floor.
Your four strong arms can wield two-handed weapons with a shield.
((You have a pair of large antennae on your head. (SInv)))


Message History

Your plate armour prevents you from hitting Pikel.
Pikel is moderately wounded.
You block Pikel's attack.
Pikel hits you with a whip of electrocution.
* * * LOW HITPOINT WARNING * * *
It was a potion of lignification.
You turn into a tree.
Your +0 cloak melds into your body.
Your +0 plate armour melds into your body.
Your roots penetrate the ground.
You block Pikel's attack.
You completely miss Pikel.
Pikel is moderately wounded.
Pikel hits you with a whip of electrocution.
* * * LOW HITPOINT WARNING * * *
You closely miss Pikel.
Pikel is moderately wounded.
Pikel barely misses you.
You riposte.
You barely miss Pikel.
Pikel is moderately wounded.
It was a potion of curing.
You feel better. Pikel hits you but does no damage.
You are electrocuted!
You die...

### #♣## ##K#
######p## #...{{{#
#.##.#.# #.p.##.#
###.##.# #..{#.#######
#.{.#.......##########


You could see Pikel.

Vanquished Creatures
  An ogre (D:4)
  A howler monkey (D:4)
  An iguana (D:4)
  2 worker ants (D:4)
  7 adders
  5 worms
  A leopard gecko (D:3)
  An orc (D:3)
  3 giant cockroaches
  11 goblins
  8 hobgoblins
  3 jackals
  2 quokkas
  A ball python (D:1)
  5 bats
  3 frilled lizards
  11 kobolds
  7 rats
73 creatures vanquished.

Notes
Turn   | Place    | Note
-------+----------+-------------------------------------------
     0 | D:1      | grindst0ne the Formicid Fighter began the quest for the Orb.
     0 | D:1      | Reached XP level 1. HP: 18/18 MP: 1/1
   198 | D:1      | Reached XP level 2. HP: 21/24 MP: 2/2
   762 | D:2      | Reached XP level 3. HP: 29/29 MP: 3/3
  1596 | D:2      | Found a sparkling altar of Nemelex Xobeh.
  1610 | D:2      | Reached XP level 4. HP: 33/37 MP: 4/4
  2196 | D:3      | Reached XP level 5. HP: 42/42 MP: 5/5
  2680 | D:4      | Reached XP level 6. HP: 35/48 MP: 6/6
  2692 | D:4      | Reached skill level 5 in Armour
  3089 | D:4      | Noticed an ogre
  3095 | D:4      | Killed an ogre
  3095 | D:4      | Reached skill level 5 in Shields
  3419 | D:4      | Noticed a slave
  3421 | D:4      | Noticed a slave
  3423 | D:4      | Noticed a slave
  3424 | D:4      | Noticed Pikel
  3425 | D:4      | Noticed a slave
  3458 | D:4      | Slain by Pikel

Vault maps used:
D:1:      dpeg_arrival_rooms_b, kennysheep_pointless_box, kennysheep_nondescript
D:2:      nemelex_xobeh_ov_fountains_minmay, minivault_23
D:3:      first_bread
D:4:      uniq_pikel

Skill      XL: |  1  2  3  4  5  6 |
---------------+-------------------+-----
Shields        | 4 5 |  5.0
Armour         | 4 5 |  5.2
Fighting       | 4 |  4.7
Long Blades    | 3 |  3.5

Action                   |  1- 3 |  4- 6 || total
-------------------------+-------+-------++-------
Melee: Long sword        |   134 |   201 ||   335
 Abil: Dig               |     6 |     8 ||    14
  Use: Potion            |       |     4 ||     4
  Eat: Chunk             |     2 |     6 ||     8
Armor: Scale mail        |    73 |    29 ||   102
       Plate armour      |       |    57 ||    57
       Skin              |       |     1 ||     1
Dodge: Dodged            |    59 |    53 ||   112
Block: Shield            |    81 |   101 ||   182
       Rpst.: Long sword |    23 |    15 ||    38
